Map: King of Braxis Station

Players

MrFercho - Winner!

  • Race: Zerg Zerg
  • Spawn Location: 9:00

TATORREA

  • Race: Terran Terran
  • Spawn Location: 1:00

tigro

  • Race: Terran Terran
  • Spawn Location: 3:00

VOD

Have the link to the VOD?

Description

Time

  • Played on: March 26, 2020, 10:05 p.m.
  • Length: 44:39
Show
View Real Time Build Order
Export as new Build Order

MrFercho Zerg - Winner!

Build Orders: Pool First 

Get SALT Encoding   

  12  0:05  Drone  
  13  0:18  Drone  
  14  0:33  Overlord  
  14  0:36  Overlord  
  14  0:42  Extractor  
  13  0:51  Extractor  
  13  0:55  Drone x2  
  14  1:07  Drone  
  15  1:15  Drone  
  16  1:25  Drone  
  17  1:33  Spawning Pool  
  17  1:36  Drone  
  17  1:46  Drone  
  18  1:55  Drone  
  19  2:15  Drone x2  
  21  2:21  Lair  
  21  2:26  Drone  
  22  2:36  Drone  
  23  2:44  Drone  
  24  3:03  Drone  
  25  3:07  Drone  
  26  3:13  Metabolic Boost  
  26  3:24  Hatchery  
  26  3:27  Drone x2  
  26  3:30  Queen  
  29  3:43  Evolution Chamber  
  29  3:44  Evolution Chamber  
  29  3:45  Drone, Evolution Chamber  
  27  3:51  Drone  
  29  4:02  Drone  
  29  4:12  Overlord  
  29  4:30  Queen, Drone  
  32  4:39  Drone  
  33  4:46  Overlord  
  33  5:07  Hatchery  
  33  5:09  Overlord  
  32  5:20  Zergling x6  
  35  5:39  Infestation Pit  
  34  5:44  Spire  
  34  5:45  Spire  
  32  5:54  Hydralisk Den  
  31  5:58  Hydralisk Den  
  31  5:59  Roach Warren  
  31  6:01  Zerg Melee Weapons Level 1  
  31  6:02  Zerg Ground Armor Level 1, Zerg Missile Weapons Level 1  
  29  6:07  Baneling Nest, Drone x2  
  29  6:08  Drone  
  31  6:24  Drone x3  
  34  6:40  Hive  
  34  6:44  Burrow  
  34  6:53  Drone x3  
  37  7:37  Extractor  
  36  7:57  Zergling x8  
  36  7:58  Zergling x10  
  44  8:03  Hatchery  
  44  8:08  Extractor  
  44  8:09  Extractor  
  42  8:24  Extractor  
  41  8:33  Baneling x5  
  41  8:34  Baneling x5  
  41  8:35  Baneling  
  41  8:36  Baneling x3  
  41  8:37  Baneling x4  
  41  8:41  Zerg Melee Weapons Level 2  
  41  8:42  Zerg Missile Weapons Level 2  
  41  8:52  Drone x3  
  44  9:21  Adrenal Glands  
  44  9:24  Centrifical Hooks  
  38  10:26  Drone x3  
  37  10:32  Drone x2  
  37  10:33  Drone  
  38  10:43  Roach x2  
  38  10:44  Roach x4  
  38  10:49  Zergling x6  
  53  11:01  Zerg Ground Armor Level 2  
  53  11:06  Zerg Flyer Armor Level 1, Zerg Flyer Weapons Level 1  
  52  11:40  Lair  
  41  12:07  Drone x2  
  41  12:08  Drone  
  43  12:28  Mutalisk x3  
  43  12:29  Hydralisk x3  
  53  12:31  Zergling x2  
  53  12:32  Zergling x10  
  59  12:46  Zerg Missile Weapons Level 3, Zerg Melee Weapons Level 3  
  59  12:50  Glial Reconstitution  
  59  12:54  Grooved Spines  
  59  13:00  Muscular Augments  
  59  13:02  Neural Parasite  
  59  13:09  Greater Spire  
  59  13:17  Drone x6  
  65  13:30  Zergling x4  
  65  13:31  Zergling x10  
  72  13:34  Overlord x2  
  72  13:35  Overlord x6  
  54  14:09  Tunneling Claws  
  54  14:12  Baneling x4  
  54  14:13  Baneling x6  
  54  14:14  Baneling x4  
  54  14:20  Unknown  
  54  14:25  Roach x2  
  54  14:26  Baneling x14  
  54  14:27  Mutalisk x3  
  54  14:28  Mutalisk x2  
  68  15:00  Zergling x4  
  68  15:01  Zergling x8  
  74  15:11  Drone x5  
  74  15:12  Drone  
  73  15:31  Baneling x6  
  73  15:32  Baneling x5  
  73  15:33  Baneling  
  73  15:39  Pathogen Glands  
  73  16:03  Drone x5  
  73  16:04  Drone  
  77  16:12  Corruptor  
  77  16:13  Corruptor  
  77  16:14  Corruptor x4  
  75  17:13  Brood Lord x5  
  75  17:14  Brood Lord  
  87  17:26  Zergling x8  
  87  17:27  Zergling x6  
  94  17:32  Zerg Ground Armor Level 3  
  94  17:39  Pneumatized Carapace  
  94  17:44  Zerg Flyer Weapons Level 2  
  94  17:47  Zerg Flyer Armor Level 2  
  95  17:58  Drone x3  
  95  17:59  Drone x3  
  100  18:16  Ultralisk Cavern  
  100  18:19  Ultralisk Cavern  
  98  18:20  Lurker Den  
  98  18:22  Lurker Den  
  96  18:31  Baneling  
  96  18:32  Baneling x6  
  96  18:33  Baneling x3  
  96  18:34  Baneling x3  
  96  18:35  Baneling  
  89  19:21  Corruptor x4  
  89  19:22  Corruptor x3  
  103  19:24  Ultralisk x2  
  103  19:27  Hydralisk x3  
  103  19:28  Hydralisk  
  103  19:30  Infestor x3  
  129  19:35  Overlord x6  
  129  19:36  Overlord x2  
  103  22:21  Mutalisk x2  
  103  22:22  Mutalisk x2  
  111  22:23  Zergling x2  
  111  22:24  Zergling x2  
  113  22:30  Drone x4  
  113  22:31  Drone x2  
  119  22:37  Queen  
  121  22:56  Zerg Flyer Weapons Level 3  
  121  22:58  Zerg Flyer Armor Level 3  
  113  23:12  Queen  
  103  23:55  Swarm Host  
  109  23:58  Roach x2  
  109  23:59  Roach x3  
  109  24:00  Hydralisk, Roach  
  109  24:01  Hydralisk x6  
  109  24:02  Hydralisk x3  
  126  25:22  Swarm Host x2  
  126  25:23  Swarm Host  
  126  25:27  Zergling x4  
  112  26:08  Ravager x3  
  101  27:07  Corruptor x2  
  101  27:08  Corruptor x4  
  104  27:28  Adaptive Talons  
  104  27:29  Seismic Spines  
  101  27:34  Chitinous Plating  
  101  27:35  Anabolic Synthesis  
  89  28:25  Corruptor  
  89  28:26  Corruptor x6  
  89  28:27  Corruptor x6  
  95  28:28  Corruptor x2  
  97  29:44  Ultralisk x2  
  97  29:45  Ultralisk x2, Hydralisk  
  121  29:46  Hydralisk x3  
  121  29:47  Zergling x2  
  121  29:48  Roach x3  
  121  29:49  Zergling x4, Roach  
  121  29:50  Zergling x4  
  133  31:39  Hatchery  
  132  31:42  Hatchery  
  132  31:44  Hatchery  
  132  31:46  Hatchery, Corruptor x3  
  123  31:47  Hatchery x2, Corruptor x3  
  123  31:50  Hatchery  
  123  31:51  Hatchery  
  105  32:42  Brood Lord x11  
  105  32:43  Brood Lord  
  115  34:26  Ultralisk x3  
  115  34:28  Roach  
  115  34:29  Hydralisk x3, Roach x3  
  115  34:30  Hydralisk x2  
  115  34:31  Corruptor x4  
  151  34:32  Mutalisk x6  
  151  34:33  Mutalisk x4  
  151  34:36  Zergling x4  
  151  34:37  Zergling x12  
  151  34:38  Zergling x2  
  188  34:59  Overseer  
  188  35:00  Overseer x3  
  188  35:01  Overseer  
  169  35:42  Ravager x2  
  167  37:21  Overseer  
  167  38:18  Mutalisk  
  167  38:19  Mutalisk x6  
  177  38:20  Mutalisk x6  
  177  38:21  Mutalisk x3  
  186  40:06  Zergling x8  
  186  40:07  Zergling x12  
  191  40:08  Zergling x6  
  199  40:50  Baneling x3  
  199  40:51  Baneling x7  
  199  40:52  Baneling x5  
  199  40:53  Baneling x6  
  199  40:54  Baneling x5  
  185  42:29  Zergling x8  
  189  42:30  Zergling x12  
  189  42:31  Zergling x8  
Show
View Real Time Build Order
Export as new Build Order

TATORREA Terran 

Build Orders:  

Get SALT Encoding   

  12  0:36  Refinery  
  12  0:43  Refinery  
  12  0:48  Supply Depot  
  12  0:52  SCV  
  14  1:04  SCV  
  14  1:11  Supply Depot  
  14  1:16  SCV  
  15  1:28  SCV  
  16  1:33  Supply Depot  
  16  1:40  SCV  
  17  1:52  SCV  
  18  2:04  SCV  
  18  2:05  Supply Depot  
  19  2:16  SCV  
  20  2:27  Supply Depot  
  20  2:37  SCV  
  21  2:49  SCV  
  21  2:50  Supply Depot  
  22  3:01  SCV  
  23  3:13  Engineering Bay, SCV  
  23  3:15  Barracks  
  24  3:25  SCV  
  25  3:36  Supply Depot  
  25  3:58  Supply Depot  
  25  4:07  Ghost Academy  
  25  4:14  Barracks Tech Lab  
  25  4:26  Supply Depot  
  25  4:30  Orbital Command  
  25  4:40  Factory  
  25  4:52  Supply Depot  
  25  5:01  Terran Infantry Weapons Level 1  
  25  5:05  Personal Cloaking  
  25  5:15  Supply Depot  
  25  5:26  Factory  
  25  5:37  Supply Depot  
  25  6:00  Supply Depot  
  25  6:13  Armory  
  25  6:31  Enhanced Shockwaves  
  25  6:54  Command Center  
  25  6:55  Terran Infantry Armor Level 1  
  25  6:59  Factory Tech Lab  
  25  7:01  Factory Tech Lab  
  25  7:16  Starport  
  25  7:18  Terran Vehicle Weapons Level 1  
  25  7:46  Supply Depot  
  25  8:02  Starport  
  25  8:08  Refinery  
  25  8:09  Supply Depot  
  25  8:42  Fusion Core  
  25  8:49  Hi-Sec Auto Tracking  
  24  9:12  Terran Ship Weapons Level 1  
  24  9:26  Starport Tech Lab  
  24  9:27  Starport Tech Lab  
  17  9:38  Hellion  
  3  9:46  Neosteel Armor  
  3  9:47  Hellion  
  5  9:53  Marine  
  8  10:00  Hellion  
  8  10:08  Hellion  
  8  10:11  Marine  
  8  10:21  Hellion  
  6  10:29  Marine  
  6  10:30  Hellion  
  9  10:38  Battlecruiser  
  16  11:00  Command Center  
  15  11:06  Terran Vehicle And Ship Armor Level 1  
  15  12:12  SCV  
  15  12:15  Barracks  
  16  12:24  SCV  
  17  12:36  SCV  
  18  12:48  SCV  
  19  13:01  SCV  
  20  13:13  SCV  
  21  13:24  Refinery  
  21  13:25  SCV  
  22  13:37  SCV  
  23  13:45  Terran Infantry Weapons Level 2  
  23  13:49  SCV  
  24  14:01  SCV  
  25  14:13  SCV  
  26  14:25  SCV  
  27  14:37  SCV  
  28  14:49  SCV  
  29  15:02  SCV  
  30  15:11  Terran Vehicle Weapons Level 2  
  30  15:14  SCV  
  31  15:26  SCV  
  32  15:38  SCV  
  32  15:39  Nuke  
  33  16:01  Terran Infantry Armor Level 2  
  33  16:08  Barracks Tech Lab  
  33  16:14  Rapid Reignition System  
  33  16:40  Marauder  
  35  16:53  Hellion  
  37  17:02  Marauder  
  39  17:11  Advanced Ballistics  
  39  17:14  Hellion  
  41  17:27  Terran Vehicle And Ship Armor Level 2  
  41  17:36  Hellion  
  43  17:58  Ghost  
  45  18:30  Weapon Refit  
  45  18:32  Thor  
  49  19:16  Ghost  
  37  19:27  Hellion  
  37  19:29  Hellion  
  41  19:42  Terran Ship Weapons Level 2  
  41  19:48  Hellion  
  41  19:51  Hellion  
  45  20:09  Hellion  
  45  20:12  Hellion  
  41  21:41  Command Center  
  41  21:59  Terran Vehicle Weapons Level 3  
  41  22:09  Orbital Command  
  41  22:54  Refinery  
  30  23:59  SCV  
  31  24:08  Thor  
  31  24:09  Thor  
  43  24:11  SCV  
  44  24:23  Battlecruiser, SCV  
  51  24:31  Marine  
  51  24:35  SCV  
  53  24:47  SCV  
  53  24:49  Marine  
  53  24:51  Thor  
  53  24:52  Thor  
  61  25:07  Marine  
  62  25:24  Marine  
  62  25:27  Battlecruiser  
  56  25:42  Marine  
  35  27:10  SCV  
  36  27:16  Refinery  
  37  27:22  SCV  
  37  27:34  SCV  
  38  27:47  SCV  
  39  27:59  SCV  
  39  28:04  Terran Vehicle And Ship Armor Level 3  
  40  28:10  Terran Infantry Weapons Level 3  
  40  28:11  SCV  
  41  28:23  SCV  
  41  28:25  Battlecruiser  
  48  28:35  SCV  
  43  29:25  Thor  
  43  29:29  Battlecruiser  
  55  30:07  Marine  
  55  30:08  Thor  
  62  30:24  Marine  
  63  30:41  Terran Ship Weapons Level 3  
  63  30:42  Marine  
  64  30:51  Thor  
  70  31:00  Marine  
  70  31:01  Battlecruiser  
  77  31:06  Thor  
  59  31:18  Marine  
  36  31:36  Marine  
  27  31:50  Hellbat  
  27  31:53  Marine  
  23  32:05  Battlecruiser  
  29  32:11  Hellbat, Marine  
  32  32:20  Barracks  
  25  32:32  Siege Tank  
  27  32:45  Starport  
  30  33:09  Factory  
  26  33:22  Fusion Core  
  20  34:07  Starport Tech Lab  
  20  34:08  Factory Tech Lab  
  20  34:10  Barracks Tech Lab  
  14  34:22  Supply Depot  
  14  34:33  Supply Depot  
  14  34:46  Supply Depot  
  14  34:54  Battlecruiser  
  14  34:55  Supply Depot  
  20  35:09  Supply Depot  
  20  35:29  Armory  
  20  35:58  Supply Depot, Battlecruiser  
  26  36:15  Marine  
  27  36:20  Supply Depot  
  27  36:33  Marine  
  27  36:35  Command Center  
  27  36:39  Supply Depot  
  28  36:51  Marine  
  29  37:03  Battlecruiser  
  35  37:09  Marine  
  36  37:18  Thor  
  42  37:26  Marine  
  43  37:50  Refinery  
  43  37:55  SCV  
  44  38:00  Thor  
  50  38:07  Battlecruiser, SCV  
  57  38:14  Engineering Bay  
  57  38:19  SCV  
  58  38:29  Refinery  
  58  38:31  SCV  
  59  38:43  Supply Depot  
  59  38:44  SCV  
  60  38:57  Planetary Fortress  
  60  39:10  Supply Depot  
  37  39:32  Supply Depot  
Show
View Real Time Build Order
Export as new Build Order

tigro Terran 

Build Orders:  

Get SALT Encoding   

  12  0:04  SCV  
  13  0:18  Supply Depot, SCV  
  14  0:30  SCV  
  14  0:33  Refinery  
  15  0:39  Refinery  
  15  0:42  SCV  
  16  0:58  Barracks  
  16  1:06  SCV  
  17  1:18  SCV  
  18  1:30  SCV  
  19  1:42  SCV  
  20  1:49  Marine  
  21  1:54  SCV  
  21  1:59  Barracks  
  22  2:06  SCV  
  23  2:13  Supply Depot  
  23  2:34  Marine  
  24  2:52  Marine  
  24  2:53  Engineering Bay  
  24  2:56  Factory  
  25  3:08  SCV  
  25  3:10  Marine  
  27  3:14  Barracks Tech Lab  
  27  3:20  SCV  
  28  3:27  Marine  
  29  3:43  Orbital Command  
  29  3:44  Factory  
  29  3:45  Marine  
  29  3:47  Combat Shield  
  30  4:03  Marine  
  31  4:14  Supply Depot  
  31  4:18  Marauder  
  31  4:21  Marine  
  31  4:22  Factory Tech Lab  
  34  4:38  Missile Turret  
  34  4:39  Marauder  
  36  4:51  Terran Infantry Weapons Level 1  
  36  4:57  Factory Tech Lab  
  36  5:06  Stimpack  
  36  5:11  Armory  
  36  5:16  Starport  
  36  5:22  Barracks Tech Lab  
  36  5:30  Siege Tank  
  39  5:57  Mag-Field Accelerator  
  39  6:25  Starport  
  39  6:37  Medivac  
  41  6:45  Terran Infantry Armor Level 1  
  41  6:46  Concussive Shells  
  41  7:05  Marine  
  41  7:08  Marine  
  43  7:14  Starport Tech Lab  
  43  7:17  Starport Tech Lab  
  43  7:19  Drilling Claws  
  43  7:23  Marine  
  43  7:25  Marine  
  45  7:36  Infernal Pre-Igniter  
  45  7:41  Terran Vehicle Weapons Level 1  
  45  7:43  Marine  
  46  7:46  Missile Turret  
  46  8:01  Marine  
  47  8:38  Smart Servos  
  47  8:39  Neosteel Armor  
  47  9:00  Command Center  
  47  9:16  Marine  
  48  9:19  Marine  
  49  9:34  Marine  
  49  9:37  Marine  
  51  9:51  Marine  
  52  9:55  Marine  
  53  10:09  Marine  
  53  10:13  Marine  
  55  10:19  Hi-Sec Auto Tracking  
  55  10:27  Marine  
  56  10:31  Marine  
  57  11:03  Refinery, Planetary Fortress  
  57  11:25  Missile Turret, Siege Tank  
  60  11:28  Corvid Reactor  
  60  11:46  Marine  
  56  11:57  Siege Tank  
  55  12:04  Marine  
  53  12:22  Marine  
  53  12:29  Siege Tank  
  56  12:40  Marine  
  57  12:47  Cloaking Field  
  57  12:53  SCV  
  57  12:57  Marine  
  59  13:01  Siege Tank  
  59  13:05  SCV  
  63  13:17  SCV  
  64  13:29  SCV  
  64  13:30  Refinery  
  64  13:33  Siege Tank  
  68  13:41  SCV  
  68  14:06  Hyperflight Rotors  
  68  14:17  Fusion Core  
  68  14:40  Marauder  
  68  14:44  Medivac  
  72  14:47  Terran Vehicle Weapons Level 2  
  72  14:55  SCV  
  73  15:02  Marauder  
  73  15:06  Supply Depot  
  75  15:07  SCV  
  75  15:14  Weapon Refit  
  76  15:19  SCV  
  77  15:28  Marauder, Battlecruiser  
  85  15:30  Missile Turret  
  85  15:31  SCV  
  86  15:51  Terran Infantry Weapons Level 2  
  86  15:52  Marauder, SCV  
  89  16:10  Barracks  
  89  16:14  Marauder  
  90  16:22  SCV  
  91  16:54  Rapid Reignition System  
  91  16:59  Barracks Tech Lab  
  91  17:03  Terran Ship Weapons Level 1  
  91  17:27  Missile Turret  
  91  17:50  Bunker, Advanced Ballistics  
  91  18:01  Missile Turret  
  91  18:07  Terran Infantry Armor Level 2  
  91  18:26  SCV  
  92  18:43  Supply Depot  
  92  19:05  Thor  
  98  19:16  Supply Depot  
  98  19:21  Thor  
  98  19:22  Battlecruiser  
  110  19:37  Marine  
  110  19:38  Battlecruiser, Missile Turret  
  117  19:54  Missile Turret  
  117  19:55  Marine  
  115  20:13  Marine  
  97  20:23  Marine  
  97  20:26  Battlecruiser  
  100  20:31  Marine  
  87  20:41  Marine  
  84  20:49  Marine  
  75  20:59  Marine  
  64  21:30  Battlecruiser  
  64  21:56  Barracks  
  64  22:07  Battlecruiser  
  64  22:37  Missile Turret  
  60  22:53  Battlecruiser  
  52  23:12  Battlecruiser  
  47  23:36  SCV  
  48  23:48  Marine, SCV  
  50  23:57  Battlecruiser  
  50  24:00  SCV  
  57  24:05  Marine  
  56  24:12  SCV  
  56  24:14  Factory Tech Lab  
  56  24:16  Battlecruiser  
  61  24:23  Marine  
  44  24:24  SCV  
  41  24:41  Marine  
  36  24:59  Marine  
  35  25:01  Battlecruiser  
  36  25:20  Battlecruiser  
  42  25:59  Marine  
  49  26:17  Marine  
  50  26:24  Battlecruiser  
  56  26:34  Marine  
  57  26:48  Factory  
  57  26:52  Marine  
  52  27:01  Medivac  
  54  27:10  Marine  
  55  27:28  Marine, Battlecruiser  
  62  27:31  Medivac  
  64  27:47  Factory Tech Lab  
  64  27:58  Missile Turret  
  64  28:01  Battlecruiser  
  64  28:33  Battlecruiser  
  70  29:06  Battlecruiser  
  48  30:10  Battlecruiser  
  54  30:38  Battlecruiser  
  54  30:48  Thor  
  60  30:53  SCV  
  61  31:05  SCV  
  62  31:14  Battlecruiser  
  62  31:17  Missile Turret  
  68  31:22  Missile Turret  
  68  31:31  Siege Tank  
  71  31:42  Battlecruiser  
  77  32:03  Siege Tank  
  50  32:29  Battlecruiser  
  56  32:35  Siege Tank  
  56  32:47  Battlecruiser  
  51  34:12  Battlecruiser  
  51  34:15  Battlecruiser  
  51  34:16  Missile Turret  
  63  35:12  Command Center  
  51  35:15  Missile Turret  
  30  35:41  SCV  
  31  35:49  Marine  
  32  35:53  SCV  
  20  36:45  Starport  
  20  37:11  Engineering Bay  
  20  37:24  Supply Depot  
  20  37:27  Starport Tech Lab  
  20  37:46  Cyclone  
  23  38:06  Armory  
  23  38:55  Supply Depot  
  23  39:17  Marine, Siege Tank, SCV  
  28  39:41  Fusion Core  
  28  40:26  SCV  
  29  40:35  Marine  
  30  40:51  SCV  
  31  41:00  Supply Depot  
  31  41:03  Terran Ship Weapons Level 2  
  31  41:22  Marine  
  32  41:41  Marine  
  24  41:58  Marine  
  31  42:16  Marine  
  31  42:21  Supply Depot  
  32  42:26  Battlecruiser  
  32  42:34  Marine  
  33  42:44  Supply Depot  
  33  42:52  Marine  
  33  42:55  SCV  
  35  43:10  Marine  
  36  43:27  Marine  
Tags
 
Add a new tag
Caveats
  • Supply blocks, unpowered buildings, or Contaminate may cause inaccurate times.
  • Supply counts are checked every 10 seconds.